 Dungeon Crawl Stone Soup version 0.30.1-4-g462c640d31 (webtiles) character file.

Game seed: 8667209701380071928

2722 Zeor the Thaumaturge (level 9, 0/66 HPs)
             Began as a Djinni Fire Elementalist on Aug 20, 2023.
             Was a Believer of Makhleb.
             Slain by a wight
             ... wielding a +0 dire flail of protection
              (12 damage)
             ... on level 7 of the Dungeon.
             The game lasted 00:30:40 (5609 turns).

Zeor the Thaumaturge (Djinni Fire Elementalist)     Turns: 5609, Time: 00:30:41

Health: 0/66       AC:  4    Str:  7    XL:     9   Next: 98%
Gold:   392        EV: 13    Int: 25    God:    Makhleb [**....] SH:  0 Dex: 16

rFire   + + .        a - +0 short sword (protect)
rCold   x . .        (no shield)
rNeg    . . .        m - +1 robe
rPois   ∞            (no helmet)
rElec   .            (no cloak)
rCorr   .            o - +0 pair of gloves
SInv    .            (boots unavailable)
Will    .....        (no amulet)
Stlth   ++           f - +6 ring of intelligence
HPRegen 0.31/turn    (no ring)
MPRegen 0.00/turn

%: infuse magic (-1 HP)
@: flying, studying 2 skills
A: sickness immunity, fire resistance 2, cold vulnerability 1, float, innate
caster, HP casting, extra vitality 1
a: Renounce Religion, Minor Destruction


You were on level 7 of the Dungeon.
You worshipped Makhleb.
Makhleb was pleased with you.
You visited 2 branches of the dungeon, and saw 8 of its levels.
You also visited: Ossuary.

You collected 392 gold pieces.

Inventory:

Hand Weapons
 a - a +0 short sword of protection (weapon)
Armour
 m - a +1 robe (worn)
 o - a +0 pair of gloves (worn)
Magical Staves
 g - a staff of earth
 n - a staff of air
Jewellery
 f - a +6 ring of intelligence (left hand)
Wands
 i - a wand of charming (7)
 p - a wand of iceblast (1)
 t - a wand of flame (26)
Scrolls
 b - 4 scrolls of enchant armour
 c - 2 scrolls of fear
 j - 6 scrolls of teleportation
 u - a scroll of vulnerability
 v - 2 scrolls of identify
 x - a scroll of fog
 y - a scroll of silence
 A - a scroll of magic mapping
Potions
 d - a potion of ambrosia
 e - 6 potions of curing
 h - 3 potions of attraction
 k - a potion of mutation
 l - 2 potions of brilliance
 q - 2 potions of invisibility
 s - a potion of might
 w - 2 potions of cancellation
 z - a potion of haste


   Skills:
 * Level 6.2 Fighting
 + Level 1.2 Short Blades
 + Level 3.0 Dodging
 + Level 2.9 Stealth
 + Level 8.1 Spellcasting
 * Level 5.2 Invocations


You knew the following spells:

 Your Spells              Type           Power      Damage    Failure   Level
b - Volatile Blastmotes   Fire/Tloc      100%       2d18      1%          3
c - Mephitic Cloud        Conj/Pois/Air  50%        N/A       1%          3
f - Foxfire               Conj/Fire      100%       2x1d9     1%          1
i - Inner Flame           Hex/Fire       50%        N/A       1%          3
m - Momentum Strike       Conj/Tloc      100%       3d10      1%          2
s - Scorch                Fire           100%       2d9       1%          2
v - Vhi's Electric Charg  Tloc/Air       100%       N/A       1%          3
w - Flame Wave            Conj/Fire      50%        2d12      1%          4
z - Slow                  Hex            100%       N/A       1%          1
Your spell library was empty.

Dungeon Overview and Level Annotations

Branches:
Dungeon (7/15)             Temple (1/1) D:4         Ossuary (visited)

Altars:
Ashenzari
Cheibriados
Dithmenos
Elyvilon
Gozag
Hepliaklqana
Makhleb
Nemelex Xobeh
Okawaru
Qazlal
Uskayaw
Wu Jian
Xom
Yredelemnul
Zin
The Shining One

Annotations:
D:5 2 runed translucent doors, jujuben's ghost, amateur HOMo


Innate Abilities, Weirdness & Mutations

You are immune to sickness and miasma.
You are immune to poison.
Your flesh is very heat resistant. (rF++)
You are vulnerable to cold. (rC-)
You float through the air rather than walking.
You learn spells naturally, not from books.
Your magical power is your life essence.
You have superior vitality. (+4 MHP)


Message History

You feel much better. The wight misses you. The wight closely misses you.
A kobold comes into view. It is wielding a +0 dagger.
Casting: Flame Wave (dangerous; 2% risk of failure)
Confirm with . or Enter, or press ? or * to list all spells.
Casting: Flame Wave (dangerous; 2% risk of failure)
Press: ? - help, Dir - look around, f - activate A wave of flame ripples out!
The flame wave engulfs the wight but does no damage. (Press . to intensify the flame waves.)
* * * LOW HITPOINT WARNING * * *
You hear a shout! x2
The wight hits you from afar with a +1 halberd.
* * * LOW HITPOINT WARNING * * *
The wight misses you.
A wave of flame ripples out!
The flame wave engulfs the wight.
The wight is moderately damaged.
The flame wave engulfs the orc.
The orc is almost dead.
The flame wave engulfs the orc!
You kill the orc!
Makhleb accepts your kill.
You feel better.
The flame wave engulfs the kobold!!
You kill the kobold!
Makhleb accepts your kill.
The flame wave engulfs the wight!
You destroy the wight!
Makhleb accepts your kill.
You feel better.
* * * LOW HITPOINT WARNING * * *
The wight barely misses you. The orc hits you with a +0 hand axe.
* * * LOW HITPOINT WARNING * * *
A wave of flame ripples out!
The flame wave engulfs the wight.
The wight is moderately damaged.
The flame wave engulfs the orc!
You kill the orc!
Makhleb accepts your kill.
* * * LOW HITPOINT WARNING * * *
You finish channelling waves of flame.
The wight hits you with a +0 dire flail of protection!
You die...

∙∙∙ ∙∙∙ ∙∙∙ ▒∙▒
▒∙▒
K▒▒▒▒▒▒∙▒▒▒▒▒
KK∙KK∙K))∙Rz▒▒▒
▒▒▒▒<∙∙)))∙▒
▒∙▒▒)∙)∙∙▒
▒∙▒∙▒▒▒∙▒∙∙▒
▒∙$▒ ▒∙▒∙▒ ▒∙∙
∙▒ ▒ ▒▒∙▒ ▒ ▒∙
▒


You could see a kobold brigand, a wight and 2 kobolds.

Vanquished Creatures
  Prince Ribbit (D:6)
  Menkaure (D:5)
  A steam dragon (D:6)
  A water moccasin (D:6)
  2 orc warriors
  A sky beast (D:6)
  2 black bears (D:5)
  4 ogres
  A phantom (D:5)
  A centaur (D:5)
  A bullfrog (D:7)
  3 scorpions (D:6)
  4 wights (D:7)
  2 jellies
  2 hounds
  A gnoll bouda (D:6)
  An orc priest (D:6)
  Ijyb (D:3)
  Natasha (thrice) (D:2)
  Terence (D:2)
  2 iguanas
  4 orc wizards
  3 mummies (Ossuary)
  5 gnolls (D:6)
  9 adders
  3 shadow imps
  A white imp (D:6)
  2 adder zombies (Ossuary)
  A worm (D:5)
  15 orcs
  7 endoplasms
  2 giant cockroaches
  4 hobgoblins
  3 jackals (D:2)
  6 kobolds
  A quokka (D:3)
  4 ball pythons
  5 bats
  2 frilled lizards (D:3)
  4 goblins
  A goblin zombie (Ossuary)
  6 hobgoblin zombies (Ossuary)
  3 kobold zombies (Ossuary)
  6 quokka zombies (Ossuary)
  4 rats
137 creatures vanquished.

Vanquished Creatures (others)
  149 foxfires
149 creatures vanquished.

Grand Total: 286 creatures vanquished

Notes
Turn   | Place    | Note
-------+----------+-------------------------------------------
     0 | D:1      | Zeor the Djinni Fire Elementalist began the quest for the
                  | Orb.
     0 | D:1      | Zeor set off with the following spells memorised: Foxfire,
                  | Scorch, Volatile Blastmotes, Inner Flame, Flame Wave.
     0 | D:1      | Reached XP level 1. HP: 15/15 MP: 0/0
   119 | D:1      | Reached XP level 2. HP: 19/21 MP: 0/0
   872 | D:2      | Noticed Terence
   887 | D:2      | Killed Terence
   888 | D:2      | Reached skill level 1 in Fighting
   888 | D:2      | Reached skill level 3 in Spellcasting
   888 | D:2      | Reached XP level 3. HP: 5/27 MP: 0/0
   888 | D:2      | Learned a level 1 spell: Slow
  1108 | D:2      | Reached XP level 4. HP: 27/32 MP: 0/0
  1248 | D:2      | Noticed Natasha
  1253 | D:2      | Killed Natasha
  1387 | D:2      | You are sucked into a shaft and drop 1 floor!
  1428 | D:2      | Noticed Natasha
  1431 | D:2      | Killed Natasha
  1432 | D:2      | Reached XP level 5. HP: 35/37 MP: 0/0
  1432 | D:2      | Learned a level 2 spell: Momentum Strike
  1454 | D:2      | Noticed Natasha
  1460 | D:2      | Killed Natasha
  1853 | D:3      | Noticed Ijyb
  1860 | D:3      | Killed Ijyb
  1862 | D:3      | Reached skill level 4 in Spellcasting
  2003 | D:3      | Reached XP level 6. HP: 36/43 MP: 0/0
  2506 | D:4      | Found a staircase to the Ecumenical Temple.
  2561 | Temple   | Entered the Ecumenical Temple
  2561 | Temple   | Found a transporter.
  2561 | Temple   | Found a transporter.
  2563 | Temple   | Found a transporter.
  2563 | Temple   | Found a transporter.
  2600 | Temple   | Became a worshipper of Makhleb the Destroyer
  2685 | D:4      | Noticed an ogre
  2689 | D:4      | Killed an ogre
  2690 | D:4      | Reached XP level 7. HP: 43/49 MP: 0/0
  2690 | D:4      | Learned a level 3 spell: Mephitic Cloud
  2865 | D:4      | Found a glowing golden altar of the Shining One.
  3060 | D:5      | Entered Level 5 of the Dungeon
  3075 | D:5      | Reached skill level 5 in Spellcasting
  3075 | D:5      | Reached skill level 1 in Invocations
  3162 | D:5      | Found a runed translucent door.
  3167 | D:5      | Noticed jujuben's ghost (amateur HOMo)
  3231 | D:5      | Found a runed translucent door.
  3566 | D:5      | Found a sparkling altar of Nemelex Xobeh.
  3654 | D:5      | Noticed Menkaure
  3660 | D:5      | Killed Menkaure
  3661 | D:5      | Reached XP level 8. HP: 13/58 MP: 0/0
  4085 | D:5      | Reached skill level 6 in Spellcasting
  4364 | D:6      | Identified a scroll of acquirement
  4364 | D:6      | Acquired a manual of Fighting
  4413 | D:6      | Noticed Prince Ribbit
  4422 | D:6      | Killed Prince Ribbit
  4423 | D:6      | Reached XP level 9. HP: 57/63 MP: 0/0
  4423 | D:6      | Learned a level 3 spell: Vhi's Electric Charge
  4467 | D:6      | Reached skill level 5 in Fighting
  4467 | D:6      | Reached skill level 7 in Spellcasting
  4487 | D:6      | Reached * piety under Makhleb
  4537 | D:6      | Found a sand-covered staircase.
  4554 | Ossuary  | Entered an ossuary
  4830 | D:6      | Acquired a manual of Invocations
  4894 | D:6      | Reached ** piety under Makhleb
  5592 | D:7      | Reached skill level 1 in Short Blades
  5602 | D:7      | Reached skill level 8 in Spellcasting
  5604 | D:7      | HP: 2/66 [wight/+1 halberd (12)]
  5605 | D:7      | Reached skill level 5 in Invocations
  5609 | D:7      | Slain by a wight

Illustrated notes

Levels and vault maps discovered:
D:1:      kennysheep_arrival_forest, layout_basic, minivault_14
D:2:      layout_loops_ring, serial_forest, infiniplex_forest_clump_cross,
          infiniplex_forest_lined_ring, infiniplex_forest_zigzag_2,
          infiniplex_forest_clump_double, infiniplex_forest_lined_3_way,
          uniq_natasha, uniq_terence
D:3:      layout_rooms, uniq_ijyb
D:4:      layout_rooms, mainiacjoe_overflow_24_doors, temple_doors_e,
          hangedman_decor_diamond_cutter
D:5:      layout_loops_ring, mainiacjoe_overflow_small_starburst,
          ebering_ghost_sewer_f, grunt_ministairs_11, chequers_arboretum,
          uniq_menkaure
D:6:      layout_loops_ring, nicolae_ossuary_entry_plus,
          nicolae_concentric_dashed_squares_mild, uniq_prince_ribbit1
D:7:      layout_loops_ring, mainiacjoe_overflow_tiny_flanked, serial_shops,
          shop, abandoned_shop
Temple:   hellmonk_temple_divided_pantheon

Skill      XL: |  1  2  3  4  5  6  7  8  9 |
---------------+----------------------------+-----
Fighting       | 1 2 3 4 6 |  6.2
Spellcasting   | 3 4 5 6 8 |  8.1
Stealth        | 2 |  2.9
Invocations    | 1 2 5 |  5.2
Short Blades   | 1 |  1.2
Dodging        | 3 |  3.0

Action                     |  1- 3 |  4- 6 |  7- 9 || total
---------------------------+-------+-------+-------++-------
  Melee: Dagger            |     2 |       |       ||     2
         Short sword       |       |     2 |    35 ||    37
   Cast: Foxfire           |    27 |    31 |    33 ||    91
         Scorch            |     9 |    14 |    46 ||    69
         Volatile Blastmot |     1 |       |    11 ||    12
         Flame Wave        |       |     1 |    21 ||    22
         Inner Flame       |       |     1 |       ||     1
         Momentum Strike   |       |     1 |     2 ||     3
         Mephitic Cloud    |       |       |     2 ||     2
         Vhi's Electric Ch |       |       |     4 ||     4
    Use: Scroll            |     4 |     4 |    15 ||    23
         Potion            |       |       |     1 ||     1
 Armour: Robe              |     3 |     3 |    18 ||    24
  Dodge: Dodged            |     6 |     4 |    39 ||    49
